Monarchs vs Knights

Created - 25 janvier 2015 at 19:27

Goals
1 2 3 T
Monarchs 1 2 2 5
Knights 2 2 2 6
Shots
1 2 3 T
Monarchs 11 10 5 26
Knights 14 11 12 37

1st period

1. Knights , A.J. Jenks 5 (Joe Colborne, Garnet Exelby) at 0:53
2. Knights , Chris Thorburn 37 (Zack Hamill) at 6:09
3. Monarchs , Keith Ballard 5 (Brock Trotter, Peter Schaefer) at 14:38

Penalties :
Joe Colborne (Lon) for Roughing (Minor) at 17:37

2nd period

4. Knights , James Wright 24 (Alex Chiasson, Zack Hamill) at 3:01
5. Monarchs , James Van Riemsdyk 12 (Jarret Stoll) at 3:19
6. Knights , Carter Ashton 1 (A.J. Jenks, Joe Colborne) at 10:56
7. Monarchs , Jordan Nolan 21 (Dmitri Orlov, Shawn Belle) at 16:12

Penalties :
Richard Park (MAN) for Roughing (Minor) at 12:58, Joe Colborne (Lon) for Roughing (Minor) at 17:20

3rd period

8. Monarchs , Dana Tyrell 6 (David Clarkson, Shawn Belle) at 5:53
9. Knights , Michael Raffl 15 (Alex Chiasson, James Wright) at 9:04
10. Monarchs , James Van Riemsdyk 13 (Jarret Stoll) at 10:26 (PP)
11. Knights , Chris Thorburn 38 (Nikita Nikitin) at 16:49

Penalties :
Joe Colborne (Lon) for Hooking (Minor) at 2:08, Tomas Kundratek (Lon) for Hooking (Minor) at 10:24, Zack Kassian (MAN) for Cross-checking (Minor) at 10:31, Dmitri Orlov (MAN) for Elbowing (Minor) at 18:09

Goalie Stats

Richard Bachman (MAN), 31 saves from 37 shots - (0,838), L, 15-8-1, 60:00 minutes
Jacob Markstrom (Lon), 21 saves from 26 shots - (0,808), W, 14-20-3, 60:00 minutes

Players Stats for Monarchs

Player Name              G  A  P  +/- PIM S  H  SB GA TA FO     MP     PP MP  PK MP  
------------------------------------------------------------------------------------
Brian Gionta             0  0  0  -1  0   0  0  1  2  0  1/2     4:44   0:00   0:00 
Brock Trotter            0  1  1   0  0   2  1  0  1  0  1/1    12:56   0:25   0:13 
Cody Eakin               0  0  0   0  0   0  2  0  0  0  1/8    12:57   0:10   0:52 
Dana Tyrell              1  0  1   1  0   1  0  0  0  0  4/5     6:54   0:00   0:00 
David Clarkson           0  1  1   0  0   2  0  0  0  0  0/0    12:39   0:02   0:00 
Dmitri Orlov             0  1  1   2  2   0  0  0  0  0  0/0    10:43   0:00   0:00 
Frederic St-Denis        0  0  0  -1  0   0  0  0  0  1  0/0     6:43   0:00   3:54 
James Van Riemsdyk       2  0  2   0  0   3  3  0  1  1  1/2    18:38   2:41   1:13 
Jarret Stoll             0  2  2   0  0   1  3  1  0  0  8/17   16:40   2:41   0:53 
Jay Beagle               0  0  0  -1  0   0  0  0  0  0  0/0     1:03   0:00   0:53 
John Moore               0  0  0  -1  0   1  2  1  0  2  0/0    20:27   2:23   1:54 
Jordan Nolan             1  0  1  -3  0   5  1  0  0  0  6/17   19:41   3:08   0:16 
Keith Ballard            1  0  1  -2  0   2  2  3  0  2  0/0    24:51   2:23   3:54 
Matt Irwin               0  0  0  -1  0   2  0  0  1  0  0/0    19:43   3:36   0:00 
Matt Martin              0  0  0   1  0   0  2  0  0  0  1/1    10:26   2:41   1:22 
Peter Schaefer           0  1  1  -3  0   1  1  3  1  0  1/2    22:43   3:08   3:29 
Richard Park             0  0  0   0  2   0  2  1  0  0  1/3    13:37   0:00   2:25 
Ryan Ellis               0  0  0  -2  0   2  0  1  1  0  0/0    22:06   3:36   0:00 
Shawn Belle              0  2  2   1  0   3  0  2  0  2  0/0    15:26   0:00   1:54 
Zack Kassian             0  0  0   0  2   1  2  0  0  2  2/3    21:12   3:01   0:00 

Players Stats for Knights

Player Name              G  A  P  +/- PIM S  H  SB GA TA FO     MP     PP MP  PK MP  
------------------------------------------------------------------------------------
A.J. Jenks               1  1  2   2  0   2  3  0  0  0  0/0    11:31   0:00   0:00 
Aaron Palushaj           0  0  0   0  0   1  0  0  0  0  0/0     7:31   0:00   0:00 
Alex Chiasson            0  2  2   2  0   7  0  1  5  1  0/1    17:08   3:11   0:00 
Carter Ashton            1  0  1   2  0   1  3  0  0  1  0/2    11:32   0:01   0:00 
Chris Thorburn           2  0  2  -2  0   6  1  0  1  0  0/0    17:06   2:36   0:00 
Colton Gillies           0  0  0   0  0   0  2  0  0  0  0/0     9:13   0:01   1:40 
Danny Irmen              0  0  0   0  0   2  2  0  0  0  1/2     9:11   0:01   1:18 
Eric Gelinas             0  0  0   3  0   1  2  2  1  0  0/0    21:40   3:23   3:24 
Garnet Exelby            0  1  1  -1  0   2  0  1  0  1  0/0    25:53   3:23   2:34 
James Wright             1  1  2   2  0   4  2  1  1  1  11/20  19:55   2:36   3:00 
Joe Colborne             0  2  2   2  6   0  0  3  0  1  4/6    12:12   0:00   0:00 
Kyle Greentree           0  0  0  -2  0   7  2  1  1  1  1/1    21:05   3:11   3:00 
Marco Scandella          0  0  0  -1  0   0  1  1  0  0  0/0    25:53   2:25   3:02 
Michael Raffl            1  0  1   2  0   2  2  0  1  0  0/1    17:59   2:36   1:07 
Michael Stone            0  0  0   0  0   0  0  1  0  0  0/0    12:10   0:00   0:00 
Nikita Nikitin           0  1  1   3  0   1  2  1  0  0  0/0    18:43   2:25   0:11 
Tomas Kundratek          0  0  0   0  2   1  0  0  0  1  0/0    15:40   0:00   2:47 
Zack Hamill              0  2  2  -2  0   0  1  0  0  0  17/28  19:35   3:11   1:53 

3 Stars

1 - A.J. Jenks (Lon)
2 - James Van Riemsdyk (MAN)
3 - James Wright (Lon)

Power Play

Monarchs - 1 on 4 Attempt(s) - 25,00%
Knights - 0 on 3 Attempt(s) - 0,00%

Penalty Kill

Monarchs - 3 on 3 Attempt(s) - 100,00% - Score 0 goal in Penalty Kill
Knights - 3 on 4 Attempt(s) - 75,00% - Score 0 goal in Penalty Kill

Team Stat

Monarchs - Hits : 21 - Faceoff Wins : 27 - Blocked Shots : 13 - Penalty Minutes : 6
Knights - Hits : 23 - Faceoff Wins : 34 - Blocked Shots : 12 - Penalty Minutes : 8

Official

Referees : Kimmerly Greg and Devorski Paul
Linesman : Tim Nowak and Mark Shewchyk

Game Notes

Brian Gionta is injured at 12:28 of 1st period (Sprained Left Finger)

Finance

Level 1 -- Attendance: 1572 (78,60%) -- Ticket Income 55 020 $
Level 2 -- Attendance: 712 (71,20%) -- Ticket Income 14 240 $
Total Attendance: 2284 (76,13%)
Total Ticket Income: 69 260 $
Other Income: 3 463 $
Total Income: 72 723 $

Monarchs

5 vs 5 Forward 
   Center                   Left Wing                Right Wing               Time % Phy DF OF 
 1 Jordan Nolan             Peter Schaefer           Brian Gionta             40     1   1  3  
 2 Jarret Stoll             James Van Riemsdyk       Zack Kassian             35     1   1  3  
 3 Cody Eakin               Brock Trotter            Richard Park             20     1   2  2  
 4 Dana Tyrell              Matt Martin              David Clarkson           5      2   2  1  

5 vs 5 Defense 
   Defense                  Defense                                           Time % Phy DF OF 
 1 Keith Ballard            Ryan Ellis                                        40     0   2  3  
 2 Matt Irwin               John Moore                                        35     0   3  2  
 3 Shawn Belle              Dmitri Orlov                                      20     1   2  2  
 4 Shawn Belle              Frederic St-Denis                                 5      1   2  2  

PowerPlay Forward 
   Center                   Left Wing                Right Wing               Time % Phy DF OF 
 1 Jordan Nolan             Peter Schaefer           Zack Kassian             60     0   1  4  
 2 Jarret Stoll             James Van Riemsdyk       Matt Martin              40     0   1  4  

PowerPlay Defense
   Defense                  Defense                                           Time % Phy DF OF 
 1 Ryan Ellis               Matt Irwin                                        60     0   2  3  
 2 Keith Ballard            John Moore                                        40     0   2  3  

Penalty Kill 4 Players Forward 
   Center                   Wing                     Time % Phy DF OF 
 1 Richard Park             Peter Schaefer           60     1   3  1  
 2 Jarret Stoll             Jay Beagle               40     1   3  1  

Penalty Kill 4 Players Defense
   Defense                  Defense                  Time % Phy DF OF 
 1 Keith Ballard            Frederic St-Denis        60     1   4  0  
 2 Shawn Belle              John Moore               40     1   4  0  

Penalty Kill - 3 Players Forward 
   Forward                                           Time % Phy DF OF 
 1 Richard Park                                      60     1   2  2  
 2 Peter Schaefer                                    40     1   2  2  

Penalty Kill - 3 Players Defense
   Defense                  Defense                  Time % Phy DF OF 
 1 Keith Ballard            Frederic St-Denis        60     1   2  2  
 2 Shawn Belle              John Moore               40     1   2  2  

4 vs 4 Forward 
   Center                   Wing                     Time % Phy DF OF 
 1 Brian Gionta             Peter Schaefer           60     1   2  2  
 2 Jarret Stoll             Jordan Nolan             40     1   2  2  

4 vs 4 Defense
   Defense                  Defense                  Time % Phy DF OF 
 1 Keith Ballard            Matt Irwin               60     1   2  2  
 2 Shawn Belle              John Moore               40     1   2  2  

Last Minutes Offensive
   Center                   Left Wing                Right Wing               Defense                  Defense                  
   Jordan Nolan             Peter Schaefer           Brian Gionta             Ryan Ellis               Matt Irwin               

Last Minutes Defensive
   Center                   Left Wing                Right Wing               Defense                  Defense                  
   Jarret Stoll             Peter Schaefer           Richard Park             Keith Ballard            John Moore               

Goaltenders
Starting : Richard Bachman          
Backup : Ben Bishop               

Extra Forwards
Normal : Jordan Nolan, Zack Kassian, James Van Riemsdyk - PP : Brian Gionta, Brock Trotter - PK : Matt Martin
Extra Defensemen
Normal : Ryan Ellis, Matt Irwin, Dmitri Orlov - PP : Dmitri Orlov - PK : Frederic St-Denis, Ryan Ellis
Penalty Shots
Brian Gionta, Peter Schaefer, Jarret Stoll, Jordan Nolan, Richard Park

Knights

5 vs 5 Forward 
   Center                   Left Wing                Right Wing               Time % Phy DF OF 
 1 Zack Hamill              Kyle Greentree           Chris Thorburn           37     1   2  2  
 2 James Wright             Michael Raffl            Alex Chiasson            33     1   2  2  
 3 Joe Colborne             A.J. Jenks               Carter Ashton            20     1   1  3  
 4 Danny Irmen              Colton Gillies           Aaron Palushaj           10     1   2  2  

5 vs 5 Defense 
   Defense                  Defense                                           Time % Phy DF OF 
 1 Garnet Exelby            Marco Scandella                                   40     1   2  2  
 2 Nikita Nikitin           Eric Gelinas                                      30     1   2  2  
 3 Michael Stone            Tomas Kundratek                                   20     1   2  2  
 4 Marco Scandella          Garnet Exelby                                     10     1   2  2  

PowerPlay Forward 
   Center                   Left Wing                Right Wing               Time % Phy DF OF 
 1 Zack Hamill              Kyle Greentree           Alex Chiasson            60     1   1  3  
 2 James Wright             Michael Raffl            Chris Thorburn           40     1   1  3  

PowerPlay Defense
   Defense                  Defense                                           Time % Phy DF OF 
 1 Garnet Exelby            Eric Gelinas                                      60     1   1  3  
 2 Marco Scandella          Nikita Nikitin                                    40     1   1  3  

Penalty Kill 4 Players Forward 
   Center                   Wing                     Time % Phy DF OF 
 1 James Wright             Kyle Greentree           60     1   3  1  
 2 Joe Colborne             Colton Gillies           40     1   3  1  

Penalty Kill 4 Players Defense
   Defense                  Defense                  Time % Phy DF OF 
 1 Marco Scandella          Eric Gelinas             60     1   2  2  
 2 Garnet Exelby            Tomas Kundratek          40     1   3  1  

Penalty Kill - 3 Players Forward 
   Forward                                           Time % Phy DF OF 
 1 James Wright                                      60     0   4  1  
 2 Joe Colborne                                      40     0   4  1  

Penalty Kill - 3 Players Defense
   Defense                  Defense                  Time % Phy DF OF 
 1 Marco Scandella          Tomas Kundratek          60     1   4  0  
 2 Eric Gelinas             Garnet Exelby            40     1   4  0  

4 vs 4 Forward 
   Center                   Wing                     Time % Phy DF OF 
 1 Zack Hamill              Chris Thorburn           60     1   2  2  
 2 Alex Chiasson            James Wright             40     1   2  2  

4 vs 4 Defense
   Defense                  Defense                  Time % Phy DF OF 
 1 Marco Scandella          Eric Gelinas             60     1   2  2  
 2 Tomas Kundratek          Garnet Exelby            40     1   2  2  

Last Minutes Offensive
   Center                   Left Wing                Right Wing               Defense                  Defense                  
   Zack Hamill              Kyle Greentree           Danny Irmen              Garnet Exelby            Eric Gelinas             

Last Minutes Defensive
   Center                   Left Wing                Right Wing               Defense                  Defense                  
   James Wright             Kyle Greentree           Zack Hamill              Garnet Exelby            Marco Scandella          

Goaltenders
Starting : Jacob Markstrom          
Backup : Dany Sabourin            

Extra Forwards
Normal : Kyle Greentree, Zack Hamill, James Wright - PP : James Wright, Zack Hamill - PK : Zack Hamill
Extra Defensemen
Normal : Garnet Exelby, Eric Gelinas, Tomas Kundratek - PP : Garnet Exelby - PK : Garnet Exelby, Tomas Kundratek
Penalty Shots
Chris Thorburn, Alex Chiasson, Zack Hamill, James Wright, Kyle Greentree

% Time on Ice - Monarchs

Lines # - Real PCT - Wanted PCT - Time Play
Normal Forward
1 - 35% - 40% - 16:48
2 - 28% - 35% - 13:19
3 - 23% - 20% - 11:12
4 - 14% - 5% - 6:54
Normal Defense
1 - 38% - 40% - 18:31
2 - 34% - 35% - 16:10
3 - 22% - 20% - 10:44
4 - 6% - 5% - 2:48
PP Forward
1 - 55% - 60% - 3:18
2 - 45% - 40% - 2:41
PP Defense
1 - 60% - 60% - 3:36
2 - 40% - 40% - 2:23
PK Forward
1 - 85% - 60% - 4:55
2 - 15% - 40% - 0:53
PK Defense
1 - 67% - 60% - 3:54
2 - 33% - 40% - 1:54
PK3 Forward
1 - 0% - 60%
2 - 0% - 40%
PK3 Defense
1 - 0% - 60%
2 - 0% - 40%
44 Forward
1 - 0% - 60%
2 - 0% - 40%
44 Defense
1 - 0% - 60%
2 - 0% - 40%
Last Minute Offensive  - 0:00
Last Minute Defensive  - 0:00
Total
Forward - 60:00
Defense - 60:00

% Time on Ice - Knights

Lines # - Real PCT - Wanted PCT - Time Play
Normal Forward
1 - 32% - 37% - 15:14
2 - 29% - 33% - 13:57
3 - 24% - 20% - 11:31
4 - 16% - 10% - 7:31
Normal Defense
1 - 37% - 40% - 17:49
2 - 34% - 30% - 16:11
3 - 25% - 20% - 12:10
4 - 4% - 10% - 2:03
PP Forward
1 - 55% - 60% - 3:12
2 - 45% - 40% - 2:36
PP Defense
1 - 58% - 60% - 3:23
2 - 42% - 40% - 2:25
PK Forward
1 - 72% - 60% - 4:19
2 - 28% - 40% - 1:40
PK Defense
1 - 53% - 60% - 3:12
2 - 47% - 40% - 2:47
PK3 Forward
1 - 0% - 60%
2 - 0% - 40%
PK3 Defense
1 - 0% - 60%
2 - 0% - 40%
44 Forward
1 - 0% - 60%
2 - 0% - 40%
44 Defense
1 - 0% - 60%
2 - 0% - 40%
Last Minute Offensive  - 0:00
Last Minute Defensive  - 0:00
Total
Forward - 60:00
Defense - 60:00

Play by Play

1st period


0:01 of 1st period - Zack Hamill wins face-off versus Jordan Nolan in neutral zone.
0:29 of 1st period - Wrist shot by Alex Chiasson.
0:29 of 1st period - Shot Misses the Net.
0:53 of 1st period - Slapshot by A.J. Jenks.
0:53 of 1st period - Goal by A.J. Jenks - Monarchs : 0 - Knights : 1.
0:54 of 1st period - Dana Tyrell wins face-off versus Danny Irmen in neutral zone.
1:20 of 1st period - Brian Gionta is hit by Carter Ashton and loses puck.
1:32 of 1st period - Off-side.
1:33 of 1st period - Zack Kassian wins face-off versus James Wright in neutral zone.
2:05 of 1st period - Slapshot by Kyle Greentree.
2:05 of 1st period - Stopped by Richard Bachman without a rebound.
2:06 of 1st period - Jordan Nolan wins face-off versus Zack Hamill in Monarchs zone.
3:25 of 1st period - Backhand shot by Peter Schaefer.
3:25 of 1st period - Shot Misses the Net.
3:39 of 1st period - Slapshot by David Clarkson.
3:39 of 1st period - Shot Misses the Net.
3:41 of 1st period - Snap shot by Shawn Belle.
3:41 of 1st period - Deflect By Chris Thorburn.
3:41 of 1st period - Stopped by Jacob Markstrom without a rebound.
3:42 of 1st period - Jarret Stoll wins face-off versus James Wright in Knights zone.
4:18 of 1st period - Snap shot by Chris Thorburn.
4:18 of 1st period - Stopped by Richard Bachman with a rebound.
4:28 of 1st period - Peter Schaefer is hit by Colton Gillies and loses puck.
4:41 of 1st period - Snap shot by Aaron Palushaj.
4:41 of 1st period - Stopped by Richard Bachman without a rebound.
4:42 of 1st period - Zack Hamill wins face-off versus Jarret Stoll in Monarchs zone.
4:54 of 1st period - Slapshot by Garnet Exelby.
4:54 of 1st period - Deflect By Chris Thorburn.
4:54 of 1st period - Shot Blocked by Keith Ballard.
4:54 of 1st period - Puck is out of play.
4:55 of 1st period - James Wright wins face-off versus Cody Eakin in Monarchs zone.
5:26 of 1st period - Icing by Matt Irwin.
5:27 of 1st period - Zack Hamill wins face-off versus Jarret Stoll in Monarchs zone.
5:34 of 1st period - Slapshot by Chris Thorburn.
5:34 of 1st period - Stopped by Richard Bachman with a rebound.
5:59 of 1st period - Snap shot by Jarret Stoll.
5:59 of 1st period - Shot Misses the Net.
6:01 of 1st period - Snap shot by John Moore.
6:01 of 1st period - Stopped by Jacob Markstrom without a rebound.
6:02 of 1st period - Zack Hamill wins face-off versus Jordan Nolan in Knights zone.
6:09 of 1st period - Snap shot by Chris Thorburn.
6:09 of 1st period - Goal by Chris Thorburn - Monarchs : 0 - Knights : 2.
6:10 of 1st period - Jordan Nolan wins face-off versus Carter Ashton in neutral zone.
6:35 of 1st period - Richard Park is hit by Zack Hamill and loses puck.
6:55 of 1st period - Off-side.
6:56 of 1st period - James Wright wins face-off versus Jarret Stoll in neutral zone.
7:54 of 1st period - Wrist shot by A.J. Jenks.
7:54 of 1st period - Shot Misses the Net.
8:00 of 1st period - Tomas Kundratek is hit by Cody Eakin.
8:06 of 1st period - Matt Irwin is hit by A.J. Jenks and loses puck.
8:17 of 1st period - Slapshot by John Moore.
8:17 of 1st period - Shot Misses the Net.
8:19 of 1st period - Snap shot by Brock Trotter.
8:19 of 1st period - Shot Blocked by Joe Colborne.
8:21 of 1st period - Slapshot by Brock Trotter.
8:21 of 1st period - Stopped by Jacob Markstrom with a rebound.
8:23 of 1st period - Slapshot by Matt Irwin.
8:23 of 1st period - Stopped by Jacob Markstrom with a rebound.
8:25 of 1st period - Snap shot by Brock Trotter.
8:25 of 1st period - Stopped by Jacob Markstrom without a rebound.
8:26 of 1st period - James Wright wins face-off versus Jordan Nolan in Knights zone.
8:33 of 1st period - Slapshot by Michael Raffl.
8:33 of 1st period - Deflect By Alex Chiasson.
8:33 of 1st period - Stopped by Richard Bachman without a rebound.
8:34 of 1st period - Brian Gionta wins face-off versus James Wright in Monarchs zone.
8:49 of 1st period - Snap shot by Brian Gionta.
8:49 of 1st period - Shot Blocked by Marco Scandella.
8:59 of 1st period - Zack Hamill is hit by James Van Riemsdyk and loses puck.
9:44 of 1st period - Off-side.
9:45 of 1st period - Dana Tyrell wins face-off versus Joe Colborne in neutral zone.
9:48 of 1st period - A.J. Jenks is hit by Matt Martin and loses puck.
10:02 of 1st period - Off-side.
10:03 of 1st period - Zack Hamill wins face-off versus Jordan Nolan in neutral zone.
10:35 of 1st period - Wrist shot by Jarret Stoll.
10:35 of 1st period - Deflect By James Van Riemsdyk.
10:35 of 1st period - Shot Misses the Net.
10:35 of 1st period - Puck is out of play.
10:36 of 1st period - James Wright wins face-off versus Jordan Nolan in Knights zone.
10:43 of 1st period - Jordan Nolan is hit by Michael Raffl.
10:52 of 1st period - Icing by John Moore.
10:53 of 1st period - Zack Hamill wins face-off versus Brian Gionta in Monarchs zone.
10:58 of 1st period - Slapshot by Kyle Greentree.
10:58 of 1st period - Shot Blocked by Peter Schaefer.
11:00 of 1st period - Snap shot by Zack Hamill.
11:00 of 1st period - Shot Blocked by Peter Schaefer.
11:02 of 1st period - Wrist shot by Kyle Greentree.
11:02 of 1st period - Shot Misses the Net.
11:04 of 1st period - Snap shot by Kyle Greentree.
11:04 of 1st period - Stopped by Richard Bachman without a rebound.
11:05 of 1st period - Zack Hamill wins face-off versus James Van Riemsdyk in Monarchs zone.
11:14 of 1st period - Snap shot by Chris Thorburn.
11:14 of 1st period - Stopped by Richard Bachman with a rebound.
11:20 of 1st period - Chris Thorburn is hit by Zack Kassian and loses puck.
11:48 of 1st period - Icing by James Wright.
11:49 of 1st period - James Wright wins face-off versus Cody Eakin in Knights zone.
11:56 of 1st period - Snap shot by Brock Trotter.
11:56 of 1st period - Shot Misses the Net.
11:58 of 1st period - Slapshot by Shawn Belle.
11:58 of 1st period - Stopped by Jacob Markstrom without a rebound.
11:59 of 1st period - Zack Hamill wins face-off versus Jordan Nolan in Knights zone.
12:06 of 1st period - Snap shot by Peter Schaefer.
12:06 of 1st period - Deflect By Jordan Nolan.
12:06 of 1st period - Stopped by Jacob Markstrom with a rebound.
12:18 of 1st period - Snap shot by Kyle Greentree.
12:18 of 1st period - Shot Misses the Net.
12:20 of 1st period - Slapshot by Zack Hamill.
12:20 of 1st period - Shot Misses the Net.
12:22 of 1st period - Slapshot by Garnet Exelby.
12:22 of 1st period - Stopped by Richard Bachman with a rebound.
12:28 of 1st period - Snap shot by Chris Thorburn.
12:28 of 1st period - Shot Blocked by Brian Gionta.
12:28 of 1st period - Brian Gionta from Monarchs is injured at 12:28 of 1st period (Sprained Left Finger).
12:29 of 1st period - James Wright wins face-off versus Jarret Stoll in Monarchs zone.
12:32 of 1st period - Snap shot by Alex Chiasson.
12:32 of 1st period - Stopped by Richard Bachman with a rebound.
12:38 of 1st period - Snap shot by Alex Chiasson.
12:38 of 1st period - Shot Misses the Net.
12:40 of 1st period - Slapshot by Garnet Exelby.
12:40 of 1st period - Shot Misses the Net.
12:42 of 1st period - Snap shot by Alex Chiasson.
12:42 of 1st period - Stopped by Richard Bachman without a rebound.
12:43 of 1st period - Joe Colborne wins face-off versus Jordan Nolan in Monarchs zone.
12:54 of 1st period - Snap shot by Garnet Exelby.
12:54 of 1st period - Stopped by Richard Bachman with a rebound.
12:56 of 1st period - Snap shot by Joe Colborne.
12:56 of 1st period - Shot Misses the Net.
12:58 of 1st period - Snap shot by Carter Ashton.
12:58 of 1st period - Shot Blocked by Peter Schaefer.
13:47 of 1st period - Slapshot by James Van Riemsdyk.
13:47 of 1st period - Stopped by Jacob Markstrom without a rebound.
13:48 of 1st period - Danny Irmen wins face-off versus Jarret Stoll in Knights zone.
14:38 of 1st period - Slapshot by Keith Ballard.
14:38 of 1st period - Goal by Keith Ballard - Monarchs : 1 - Knights : 2.
14:39 of 1st period - James Van Riemsdyk wins face-off versus James Wright in neutral zone.
14:45 of 1st period - Wrist shot by Zack Kassian.
14:45 of 1st period - Stopped by Jacob Markstrom without a rebound.
14:46 of 1st period - James Wright wins face-off versus Jarret Stoll in Knights zone.
15:51 of 1st period - Slapshot by Keith Ballard.
15:51 of 1st period - Deflect By David Clarkson.
15:51 of 1st period - Stopped by Jacob Markstrom without a rebound.
15:52 of 1st period - Dana Tyrell wins face-off versus Joe Colborne in Knights zone.
16:17 of 1st period - Zack Kassian is hit by Eric Gelinas and loses puck.
17:04 of 1st period - Wrist shot by A.J. Jenks.
17:04 of 1st period - Stopped by Richard Bachman without a rebound.
17:05 of 1st period - Joe Colborne wins face-off versus Jordan Nolan in Monarchs zone.
17:37 of 1st period - Minor Penalty to Joe Colborne for Roughing.
17:38 of 1st period - James Wright wins face-off versus Jordan Nolan in Knights zone.
17:53 of 1st period - Eric Gelinas is hit by Jordan Nolan and loses puck.
18:10 of 1st period - Slapshot by Keith Ballard.
18:10 of 1st period - Shot Misses the Net.
19:37 of 1st period - Penalty to Joe Colborne is over, Joe Colborne is back on ice.
19:38 of 1st period - Joe Colborne is hit by Keith Ballard and loses puck.
19:42 of 1st period - Icing by Kyle Greentree.
19:43 of 1st period - Brock Trotter wins face-off versus James Wright in Knights zone.
Goals for this period are 1 for Monarchs vs 2 for Knights.
Shots for this period are 11 for Monarchs vs 14 for Knights.

2nd period


0:01 of 2nd period - Zack Hamill wins face-off versus Jarret Stoll in neutral zone.
0:31 of 2nd period - Wrist shot by Alex Chiasson.
0:31 of 2nd period - Stopped by Richard Bachman with a rebound.
0:33 of 2nd period - Slapshot by Eric Gelinas.
0:33 of 2nd period - Shot Misses the Net.
0:35 of 2nd period - Slapshot by Michael Raffl.
0:35 of 2nd period - Stopped by Richard Bachman with a rebound.
0:46 of 2nd period - Off-side.
0:47 of 2nd period - Joe Colborne wins face-off versus Cody Eakin in neutral zone.
0:53 of 2nd period - Icing by Richard Park.
0:54 of 2nd period - Zack Hamill wins face-off versus Cody Eakin in Monarchs zone.
0:55 of 2nd period - Wrist shot by Chris Thorburn.
0:55 of 2nd period - Deflect By Matt Irwin.
0:55 of 2nd period - Shot Misses the Net.
0:55 of 2nd period - Puck is out of play.
0:56 of 2nd period - Zack Kassian wins face-off versus Zack Hamill in Monarchs zone.
0:56 of 2nd period - Zack Kassian is hit by Marco Scandella.
1:04 of 2nd period - Wrist shot by James Van Riemsdyk.
1:04 of 2nd period - Shot Misses the Net.
1:06 of 2nd period - Slapshot by Matt Irwin.
1:06 of 2nd period - Stopped by Jacob Markstrom without a rebound.
1:07 of 2nd period - Jarret Stoll wins face-off versus Alex Chiasson in Knights zone.
1:17 of 2nd period - Off-side.
1:18 of 2nd period - Zack Hamill wins face-off versus Zack Kassian in neutral zone.
1:23 of 2nd period - Snap shot by Kyle Greentree.
1:23 of 2nd period - Stopped by Richard Bachman with a rebound.
2:06 of 2nd period - Eric Gelinas is hit by Jarret Stoll and loses puck.
2:25 of 2nd period - Backhand shot by Peter Schaefer.
2:25 of 2nd period - Deflect By Jordan Nolan.
2:25 of 2nd period - Stopped by Jacob Markstrom with a rebound.
2:27 of 2nd period - Snap shot by Jordan Nolan.
2:27 of 2nd period - Deflect By David Clarkson.
2:27 of 2nd period - Stopped by Jacob Markstrom without a rebound.
2:28 of 2nd period - Jordan Nolan wins face-off versus Zack Hamill in Knights zone.
2:33 of 2nd period - Wrist shot by Peter Schaefer.
2:33 of 2nd period - Deflect By Kyle Greentree.
2:33 of 2nd period - Shot Misses the Net.
2:33 of 2nd period - Puck is out of play.
2:34 of 2nd period - Jarret Stoll wins face-off versus Zack Hamill in Knights zone.
3:01 of 2nd period - Slapshot by James Wright.
3:01 of 2nd period - Goal by James Wright - Monarchs : 1 - Knights : 3.
3:02 of 2nd period - Jordan Nolan wins face-off versus James Wright in neutral zone.
3:11 of 2nd period - Slapshot by Jordan Nolan.
3:11 of 2nd period - Shot Misses the Net.
3:13 of 2nd period - Slapshot by Jordan Nolan.
3:13 of 2nd period - Deflect By Peter Schaefer.
3:13 of 2nd period - Stopped by Jacob Markstrom with a rebound.
3:15 of 2nd period - Slapshot by Jordan Nolan.
3:15 of 2nd period - Stopped by Jacob Markstrom without a rebound.
3:16 of 2nd period - Jarret Stoll wins face-off versus Zack Hamill in Knights zone.
3:19 of 2nd period - Snap shot by James Van Riemsdyk.
3:19 of 2nd period - Goal by James Van Riemsdyk - Monarchs : 2 - Knights : 3.
3:20 of 2nd period - Jarret Stoll wins face-off versus James Wright in neutral zone.
3:23 of 2nd period - Wrist shot by Jarret Stoll.
3:23 of 2nd period - Shot Blocked by Garnet Exelby.
3:25 of 2nd period - Slapshot by Jarret Stoll.
3:25 of 2nd period - Stopped by Jacob Markstrom with a rebound.
3:27 of 2nd period - Wrist shot by Ryan Ellis.
3:27 of 2nd period - Shot Misses the Net.
4:35 of 2nd period - Slapshot by Ryan Ellis.
4:35 of 2nd period - Deflect By Nikita Nikitin.
4:35 of 2nd period - Stopped by Jacob Markstrom with a rebound.
4:37 of 2nd period - Slapshot by Ryan Ellis.
4:37 of 2nd period - Deflect By Eric Gelinas.
4:37 of 2nd period - Stopped by Jacob Markstrom with a rebound.
4:51 of 2nd period - Snap shot by Nikita Nikitin.
4:51 of 2nd period - Shot Blocked by John Moore.
4:53 of 2nd period - Slapshot by Eric Gelinas.
4:53 of 2nd period - Stopped by Richard Bachman without a rebound.
4:54 of 2nd period - James Wright wins face-off versus Dana Tyrell in Monarchs zone.
5:01 of 2nd period - Snap shot by James Wright.
5:01 of 2nd period - Stopped by Richard Bachman with a rebound.
5:03 of 2nd period - Snap shot by James Wright.
5:03 of 2nd period - Deflect By John Moore.
5:03 of 2nd period - Shot Misses the Net.
5:03 of 2nd period - Puck is out of play.
5:04 of 2nd period - Jordan Nolan wins face-off versus Zack Hamill in Monarchs zone.
5:29 of 2nd period - Michael Raffl is hit by Cody Eakin and loses puck.
6:15 of 2nd period - Nikita Nikitin is hit by John Moore and loses puck.
6:32 of 2nd period - Ryan Ellis is hit by Kyle Greentree and loses puck.
6:47 of 2nd period - Eric Gelinas is hit by Keith Ballard and loses puck.
6:58 of 2nd period - Slapshot by Keith Ballard.
6:58 of 2nd period - Shot Misses the Net.
7:00 of 2nd period - Snap shot by David Clarkson.
7:00 of 2nd period - Shot Misses the Net.
7:02 of 2nd period - Wrist shot by Dana Tyrell.
7:02 of 2nd period - Shot Blocked by James Wright.
7:04 of 2nd period - Snap shot by Matt Martin.
7:04 of 2nd period - Shot Misses the Net.
7:06 of 2nd period - Snap shot by Keith Ballard.
7:06 of 2nd period - Shot Misses the Net.
7:38 of 2nd period - Jordan Nolan is hit by Eric Gelinas and loses puck.
8:13 of 2nd period - Garnet Exelby is hit by Zack Kassian and loses puck.
8:33 of 2nd period - Colton Gillies is hit by Matt Martin and loses puck.
9:53 of 2nd period - Matt Irwin is hit by James Wright and loses puck.
10:12 of 2nd period - Kyle Greentree is hit by Jarret Stoll and loses puck.
10:35 of 2nd period - Ryan Ellis is hit by Danny Irmen and loses puck.
10:51 of 2nd period - Zack Kassian is hit by A.J. Jenks and loses puck.
10:56 of 2nd period - Slapshot by A.J. Jenks.
10:56 of 2nd period - Deflect By Carter Ashton.
10:56 of 2nd period - Goal by Carter Ashton - Monarchs : 2 - Knights : 4.
10:57 of 2nd period - Zack Hamill wins face-off versus Peter Schaefer in neutral zone.
11:12 of 2nd period - Wrist shot by Kyle Greentree.
11:12 of 2nd period - Stopped by Richard Bachman with a rebound.
11:22 of 2nd period - John Moore is hit by Nikita Nikitin and loses puck.
11:49 of 2nd period - Matt Irwin is hit by A.J. Jenks and loses puck.
12:48 of 2nd period - Snap shot by Alex Chiasson.
12:48 of 2nd period - Deflect By James Wright.
12:48 of 2nd period - Stopped by Richard Bachman with a rebound.
12:52 of 2nd period - Slapshot by Alex Chiasson.
12:52 of 2nd period - Stopped by Richard Bachman with a rebound.
12:58 of 2nd period - Minor Penalty to Richard Park for Roughing.
12:59 of 2nd period - Matt Martin wins face-off versus Zack Hamill in Monarchs zone.
13:12 of 2nd period - Backhand shot by Peter Schaefer.
13:12 of 2nd period - Deflect By Matt Martin.
13:12 of 2nd period - Shot Blocked by Kyle Greentree.
13:12 of 2nd period - Puck is out of play.
13:13 of 2nd period - Peter Schaefer wins face-off versus Zack Hamill in Knights zone.
13:14 of 2nd period - Slapshot by Keith Ballard.
13:14 of 2nd period - Shot Blocked by Eric Gelinas.
14:58 of 2nd period - Penalty to Richard Park is over, Richard Park is back on ice.
15:34 of 2nd period - Matt Irwin is hit by Carter Ashton and loses puck.
15:49 of 2nd period - Matt Irwin is hit by Colton Gillies and loses puck.
16:00 of 2nd period - Zack Kassian is hit by Carter Ashton and loses puck.
16:10 of 2nd period - Slapshot by Dmitri Orlov.
16:10 of 2nd period - Shot Blocked by Eric Gelinas.
16:12 of 2nd period - Snap shot by Jordan Nolan.
16:12 of 2nd period - Goal by Jordan Nolan - Monarchs : 3 - Knights : 4.
16:13 of 2nd period - Kyle Greentree wins face-off versus Cody Eakin in neutral zone.
16:22 of 2nd period - Wrist shot by Kyle Greentree.
16:22 of 2nd period - Stopped by Richard Bachman with a rebound.
16:38 of 2nd period - Michael Raffl is hit by James Van Riemsdyk and loses puck.
17:20 of 2nd period - Minor Penalty to Joe Colborne for Roughing.
17:21 of 2nd period - Jordan Nolan wins face-off versus James Wright in Knights zone.
18:55 of 2nd period - Peter Schaefer is hit by Danny Irmen and loses puck.
19:20 of 2nd period - Penalty to Joe Colborne is over, Joe Colborne is back on ice.
Goals for this period are 2 for Monarchs vs 2 for Knights.
Shots for this period are 10 for Monarchs vs 11 for Knights.

3rd period


0:01 of 3rd period - Zack Hamill wins face-off versus Jarret Stoll in neutral zone.
0:14 of 3rd period - Snap shot by Chris Thorburn.
0:14 of 3rd period - Deflect By Kyle Greentree.
0:14 of 3rd period - Stopped by Richard Bachman with a rebound.
0:16 of 3rd period - Slapshot by Marco Scandella.
0:16 of 3rd period - Shot Blocked by Ryan Ellis.
0:48 of 3rd period - Slapshot by Danny Irmen.
0:48 of 3rd period - Stopped by Richard Bachman with a rebound.
2:01 of 3rd period - Slapshot by Zack Kassian.
2:01 of 3rd period - Deflect By Marco Scandella.
2:01 of 3rd period - Shot Blocked by Joe Colborne.
2:01 of 3rd period - Puck is out of play.
2:02 of 3rd period - Jarret Stoll wins face-off versus Carter Ashton in Knights zone.
2:03 of 3rd period - Wrist shot by James Van Riemsdyk.
2:03 of 3rd period - Shot Misses the Net.
2:08 of 3rd period - Minor Penalty to Joe Colborne for Hooking.
2:09 of 3rd period - James Wright wins face-off versus Jordan Nolan in Knights zone.
4:08 of 3rd period - Penalty to Joe Colborne is over, Joe Colborne is back on ice.
4:21 of 3rd period - Carter Ashton is hit by Richard Park and loses puck.
4:54 of 3rd period - Slapshot by Nikita Nikitin.
4:54 of 3rd period - Shot Blocked by Shawn Belle.
4:56 of 3rd period - Slapshot by James Wright.
4:56 of 3rd period - Stopped by Richard Bachman without a rebound.
4:57 of 3rd period - Dana Tyrell wins face-off versus Michael Raffl in Monarchs zone.
5:16 of 3rd period - Carter Ashton is hit by Brock Trotter and loses puck.
5:21 of 3rd period - Slapshot by Keith Ballard.
5:21 of 3rd period - Stopped by Jacob Markstrom with a rebound.
5:23 of 3rd period - Slapshot by Keith Ballard.
5:23 of 3rd period - Shot Blocked by Joe Colborne.
5:37 of 3rd period - Snap shot by Jordan Nolan.
5:37 of 3rd period - Stopped by Jacob Markstrom with a rebound.
5:39 of 3rd period - Wrist shot by Zack Kassian.
5:39 of 3rd period - Shot Misses the Net.
5:53 of 3rd period - Wrist shot by Dana Tyrell.
5:53 of 3rd period - Goal by Dana Tyrell - Monarchs : 4 - Knights : 4.
5:54 of 3rd period - Jarret Stoll wins face-off versus Zack Hamill in neutral zone.
6:19 of 3rd period - Michael Raffl is hit by Peter Schaefer and loses puck.
7:14 of 3rd period - Slapshot by Shawn Belle.
7:14 of 3rd period - Stopped by Jacob Markstrom with a rebound.
7:24 of 3rd period - Shawn Belle is hit by Kyle Greentree and loses puck.
7:51 of 3rd period - Snap shot by Peter Schaefer.
7:51 of 3rd period - Deflect By Jordan Nolan.
7:51 of 3rd period - Shot Blocked by Alex Chiasson.
7:51 of 3rd period - Puck is out of play.
7:52 of 3rd period - James Wright wins face-off versus Jordan Nolan in Knights zone.
8:26 of 3rd period - Wrist shot by James Wright.
8:26 of 3rd period - Shot Misses the Net.
8:28 of 3rd period - Snap shot by Alex Chiasson.
8:28 of 3rd period - Stopped by Richard Bachman with a rebound.
8:34 of 3rd period - Wrist shot by Alex Chiasson.
8:34 of 3rd period - Stopped by Richard Bachman with a rebound.
8:36 of 3rd period - Slapshot by James Wright.
8:36 of 3rd period - Shot Misses the Net.
8:56 of 3rd period - Wrist shot by Alex Chiasson.
8:56 of 3rd period - Shot Misses the Net.
8:58 of 3rd period - Slapshot by Tomas Kundratek.
8:58 of 3rd period - Stopped by Richard Bachman with a rebound.
9:00 of 3rd period - Wrist shot by James Wright.
9:00 of 3rd period - Shot Blocked by Keith Ballard.
9:02 of 3rd period - Wrist shot by Alex Chiasson.
9:02 of 3rd period - Shot Misses the Net.
9:04 of 3rd period - Snap shot by Michael Raffl.
9:04 of 3rd period - Goal by Michael Raffl - Monarchs : 4 - Knights : 5.
9:05 of 3rd period - Cody Eakin wins face-off versus Zack Hamill in neutral zone.
9:08 of 3rd period - Garnet Exelby is hit by Richard Park and loses puck.
9:37 of 3rd period - Slapshot by Matt Irwin.
9:37 of 3rd period - Shot Blocked by Nikita Nikitin.
10:24 of 3rd period - Minor Penalty to Tomas Kundratek for Hooking.
10:25 of 3rd period - Jarret Stoll wins face-off versus James Wright in Knights zone.
10:26 of 3rd period - Wrist shot by James Van Riemsdyk.
10:26 of 3rd period - Goal by James Van Riemsdyk - Monarchs : 5 - Knights : 5.
10:27 of 3rd period - Zack Hamill wins face-off versus Jarret Stoll in neutral zone.
10:31 of 3rd period - Minor Penalty to Zack Kassian for Cross-checking.
10:32 of 3rd period - Zack Hamill wins face-off versus Richard Park in Monarchs zone.
10:43 of 3rd period - Snap shot by Zack Hamill.
10:43 of 3rd period - Shot Blocked by Richard Park.
10:45 of 3rd period - Slapshot by Eric Gelinas.
10:45 of 3rd period - Shot Blocked by Keith Ballard.
10:47 of 3rd period - Snap shot by Kyle Greentree.
10:47 of 3rd period - Stopped by Richard Bachman with a rebound.
10:57 of 3rd period - Peter Schaefer is hit by Chris Thorburn and loses puck.
11:04 of 3rd period - Snap shot by James Wright.
11:04 of 3rd period - Shot Misses the Net.
11:06 of 3rd period - Slapshot by Marco Scandella.
11:06 of 3rd period - Deflect By Michael Raffl.
11:06 of 3rd period - Shot Misses the Net.
11:06 of 3rd period - Puck is out of play.
11:07 of 3rd period - Richard Park wins face-off versus Zack Hamill in Monarchs zone.
11:29 of 3rd period - John Moore is hit by Michael Raffl and loses puck.
11:34 of 3rd period - Snap shot by Chris Thorburn.
11:34 of 3rd period - Shot Blocked by Shawn Belle.
11:36 of 3rd period - Slapshot by Nikita Nikitin.
11:36 of 3rd period - Stopped by Richard Bachman with a rebound.
11:38 of 3rd period - Backhand shot by Marco Scandella.
11:38 of 3rd period - Shot Blocked by Jarret Stoll.
12:14 of 3rd period - James Van Riemsdyk is hit by James Wright.
12:31 of 3rd period - Penalty to Zack Kassian is over, Zack Kassian is back on ice.
12:52 of 3rd period - Wrist shot by Joe Colborne.
12:52 of 3rd period - Shot Misses the Net.
13:02 of 3rd period - Tomas Kundratek is hit by John Moore and loses puck.
14:12 of 3rd period - Snap shot by David Clarkson.
14:12 of 3rd period - Shot Blocked by Michael Stone.
14:55 of 3rd period - Zack Kassian is hit by Nikita Nikitin and loses puck.
16:11 of 3rd period - Icing by A.J. Jenks.
16:12 of 3rd period - Joe Colborne wins face-off versus Cody Eakin in Knights zone.
16:47 of 3rd period - Snap shot by Chris Thorburn.
16:47 of 3rd period - Stopped by Richard Bachman with a rebound.
16:49 of 3rd period - Wrist shot by Chris Thorburn.
16:49 of 3rd period - Goal by Chris Thorburn - Monarchs : 5 - Knights : 6.
16:50 of 3rd period - Zack Hamill wins face-off versus Cody Eakin in neutral zone.
17:38 of 3rd period - James Wright is hit by Jarret Stoll and loses puck.
17:53 of 3rd period - Wrist shot by Danny Irmen.
17:53 of 3rd period - Stopped by Richard Bachman with a rebound.
18:09 of 3rd period - Minor Penalty to Dmitri Orlov for Elbowing.
18:10 of 3rd period - Zack Hamill wins face-off versus Richard Park in Monarchs zone.
19:17 of 3rd period - James Wright is hit by James Van Riemsdyk and loses puck.
Goals for this period are 2 for Monarchs vs 2 for Knights.
Shots for this period are 5 for Monarchs vs 12 for Knights.


Output by the SimonT Hockey Simulator (STHS) for François Prévost -- Original Page W3C XHTML 1.0 Valid
Hockey Simulator - Hockey Simulation - Hockey Manager